 Dungeon Crawl Stone Soup version 0.27.0-1-g7a089689b8 (webtiles) character file.

Game seed: 13456105574388702735

63 Crownlay the Chopper (level 4, -4/39 HPs)
             Began as a Hill Orc Fighter on Aug 13, 2021.
             Killed by divine providence
             ... invoked by an orc priest
              (13 damage)
             ... on level 2 of the Dungeon.
             The game lasted 00:02:09 (1437 turns).

Crownlay the Chopper (Hill Orc Fighter)             Turns: 1437, Time: 00:02:10

Health: -4/39      AC:  9    Str: 19    XL:     4   Next: 9%
Magic:  4/4        EV:  9    Int:  8    God:
Gold:   99         SH:  0    Dex: 10    Spells: 3/3 levels left

rFire    . . .     SeeInvis .   a - +0 war axe
rCold    . . .     Faith    .   (no shield)
rNeg     . . .     Spirit   .   b - +0 scale mail
rPois    .         Reflect  .   (no helmet)
rElec    .         Harm     .   j - +0 cloak
rCorr    .         Rampage  .   (no gloves)
Will     .....                  k - +0 pair of boots
Stlth    ..........             (no amulet)
HPRegen  0.13/turn              (no ring)
MPRegen  0.09/turn              (no ring)

@: no status effects
A: no striking features
a: Convert to Beogh


You were on level 2 of the Dungeon.
You visited 1 branch of the dungeon, and saw 2 of its levels.

You collected 99 gold pieces.

Inventory:

Hand Weapons
 a - a +0 war axe (weapon)
Missiles
 i - 36 poisoned darts (quivered)
Armour
 b - a +0 scale mail (worn)
 c - a +0 kite shield
 j - a +0 cloak (worn)
 k - a +0 pair of boots (worn)
Scrolls
 f - a scroll of fear {unknown}
 g - a scroll of holy word {unknown}
Potions
 d - a potion of might
 e - a potion of heal wounds {unknown}
 h - a potion of lignification {unknown}


   Skills:
 - Level 3.6 Fighting
 + Level 5.7 Axes
 - Level 3.2 Armour
 - Level 3.2 Shields


You had 3 spell levels left.
You didn't know any spells.
Your spell library contained the following spells:

 Spells                   Type           Power      Damage    Failure   Level
 Beastly Appendage        Tmut           0%         N/A       77%         1
 Sting                    Tmut/Pois      0%         1d3       77%         1
 Poisonous Vapours        Pois/Air       0%         N/A       88%         2
 Wereblood                Tmut           0%         N/A       88%         2
 Spider Form              Tmut/Pois      0%         N/A       98%         3
 Olgreb's Toxic Radiance  Pois           0%         N/A       100%        4


Dungeon Overview and Level Annotations

Branches:
Dungeon (2/15)

Altars:
Ashenzari


Message History

a +0 dagger; a +0 leather armour of cold resistance; an orc corpse An orc comes into view.
It is wielding a +0 war axe.
The orc shouts!
The orc priest shouts, "Beogh is our master!
Accept the truth or die!"
The orc priest shouts, "Join the one true god or die!"
The endoplasm hits you but does no damage.
You hit the orc priest but do no damage.
You slash the endoplasm!
You kill the endoplasm!
The orc priest barely misses you. The orc priest closely misses you.
You slash the orc priest!
The orc priest is severely wounded.
The orc priest closely misses you.
You closely miss the orc priest.
The orc priest is severely wounded.
You hit the orc. The orc hits you with a +0 war axe.
The orc priest hits you but does no damage.
You slash the orc priest!
You kill the orc priest!
You hit the orc.
You kill the orc!
The orc priest mumbles some strange prayers to Beogh against you.
Beogh smites you!
Ouch! That really hurt!
* * * LOW HITPOINT WARNING * * *
Your Axes skill increases to level 5!
You have reached level 4!
You barely miss the orc priest. The orc priest closely misses you.
You hit the orc priest.
The orc priest is moderately wounded.
The orc priest hits you with a +1 hand axe of freezing.
* * * LOW HITPOINT WARNING * * *
The orc priest freezes you.
* * * LOW HITPOINT WARNING * * *
You closely miss the orc priest.
The orc priest is lightly wounded.
The orc priest shouts, "Surrender to Beogh and we'll let you live!"
The orc priest mumbles some strange prayers to Beogh against you.
Beogh smites you!
You die...

####. #... #.).#
.....
#.......#...#
#####
#.8...8.#...#
#.......#..##
.......#...#
.......#...#
.8...8.#...#####
......)#)......#
......o@..####.#
#....#.##......
#.# #. ######.
### .. ..# ##.
#.# #. #.# .##
#. #.# ... ..
#.########..#


You could see an orc priest.

Vanquished Creatures
  An orc priest (D:2)
  A worm (D:2)
  A dart slug (D:2)
  2 orcs (D:2)
  5 endoplasms
  A giant cockroach (D:2)
  2 goblins
  A hobgoblin (D:1)
  A quokka (D:2)
  3 ball pythons (D:1)
  2 bats
  A frilled lizard (D:1)
  3 kobolds (D:1)
  4 rats
28 creatures vanquished.

Vanquished Creatures (others)
  3 plants (D:1)
  A withered plant (D:1)
4 creatures vanquished.

Grand Total: 32 creatures vanquished

Notes
Turn   | Place    | Note
-------+----------+-------------------------------------------
     0 | D:1      | Crownlay the Hill Orc Fighter began the quest for the Orb.
     0 | D:1      | Reached XP level 1. HP: 19/19 MP: 1/1
   142 | D:1      | Reached skill level 3 in Axes
   413 | D:1      | Reached XP level 2. HP: 9/26 MP: 2/2
   902 | D:1      | Found a faded altar of an unknown god.
   913 | D:1      | Reached skill level 4 in Axes
  1227 | D:2      | Found a broken altar of Ashenzari.
  1333 | D:2      | Reached XP level 3. HP: 30/31 MP: 3/3
  1435 | D:2      | Reached skill level 5 in Axes
  1435 | D:2      | Reached XP level 4. HP: 12/39 MP: 4/4
  1437 | D:2      | Killed from afar by an orc priest

Illustrated notes

Levels and vault maps discovered:
D:1:      zaba_arrival_water, layout_loops_ring,
          shapermc_ecumenical_altar_flowoftime
D:2:      cheibrodos_pilgrimage, layout_loops_ring, basic_altar, minivault_24,
          patterned_corridor, uniq_sigmund, uniq_jessica

Skill      XL: |  1  2  3 |
---------------+----------+-----
Axes           | 3 4 5 |  5.7
Fighting       | |  3.6
Armour         | |  3.2
Shields        | |  3.2

Action                   |  1- 3 |  4- 6 || total
-------------------------+-------+-------++-------
Melee: War axe           |    74 |     3 ||    77
Armor: Scale mail        |    33 |       ||    33
Dodge: Dodged            |    34 |     1 ||    35
Block: Kite shield       |    19 |       ||    19
